 Dungeon Crawl Stone Soup version 0.24-a0-91-g4e4936a (webtiles) character file.

Game seed: 632116365287766752

5214 Borgoz the Cleaver (level 10, -11/60 HPs)
             Began as a Gargoyle Fighter on Feb 9, 2019.
             Was a Believer of Ashenzari.
             Mangled by a sun demon (27 damage)
             ... summoned by a kobold demonologist
             ... on level 10 of the Dungeon.
             The game lasted 00:16:15 (9124 turns).

Borgoz the Cleaver (Gargoyle Fighter)               Turns: 9124, Time: 00:16:16

Health: -11/60     AC:  0    Str: 24    XL:     10   Next: 61%
Magic:  10/10      EV: 15    Int: 10    God:    Ashenzari [**....]
Gold:   539        SH: 11    Dex: 12    Spells: 9/9 levels left

rFire    . . .     SeeInvis .   q - +0 hand axe (venom)
rCold    . . .     Gourm    .   c - +0 shield
rNeg     + . .     Faith    .   b - +0 scale mail
rPois    ∞         Spirit   .   (no helmet)
rElec    +         Reflect  .   m - +0 cloak
rCorr    .         Harm     .   (no gloves)
MR       .....                  (no boots)
Stlth    ..........             (no amulet)
HPRegen  0.20/turn              k - +2 ring of evasion
MPRegen  0.12/turn              I - +3 ring of evasion

@: mighty, corroded
A: negative energy resistance 1, electricity resistance, unbreathing,
petrification resistance, rot immunity, AC +7
a: Curse Item, Scrying, Renounce Religion


You were on level 10 of the Dungeon.
You worshipped Ashenzari.
Ashenzari was pleased with you.
You were very hungry.

You visited 2 branches of the dungeon, and saw 11 of its levels.

You collected 539 gold pieces.

Inventory:

Hand Weapons
 q - a +0 hand axe of venom (weapon)
 u - a +2 quarterstaff of chaos
Missiles
 x - a throwing net (quivered)
Armour
 b - a +0 scale mail (worn)
 c - a +0 shield (worn)
 m - a +0 cloak (worn)
 o - a +0 troll leather armour {Purgy}
 z - a +0 scale mail of poison resistance
Jewellery
 k - a +2 ring of evasion (left hand)
 E - an uncursed ring of resist corrosion
 I - a +3 ring of evasion (right hand)
Wands
 p - a wand of iceblast (9)
 v - a wand of digging (5)
 H - a wand of flame (26)
Scrolls
 a - 3 scrolls of enchant weapon
 g - 3 scrolls of fog
 i - 3 scrolls of fear
 n - 2 scrolls of blinking
 r - 4 scrolls of remove curse
 w - a scroll of holy word {unknown}
 y - a scroll of immolation {unknown}
 A - 2 scrolls of enchant armour {unknown}
 B - 3 scrolls of teleportation {unknown}
 C - a scroll of amnesia {unknown}
 L - a scroll of torment {unknown}
Potions
 e - a potion of magic
 h - 2 potions of curing
 j - a potion of resistance
 l - a potion of lignification
 s - a potion of haste
 t - a potion of degeneration
 F - a potion of mutation {unknown}
 J - 2 potions of brilliance
Comestibles
 f - 19 rations


   Skills:
 + Level 6.0 Fighting
 * Level 10.6 Axes
 + Level 7.1 Armour
 + Level 2.8 Dodging
 + Level 7.5 Shields


You had 9 spell levels left.
You didn't know any spells.
Your spell library contained the following spells:

 Spells                   Type           Power        Failure   Level  Hunger
 Shock                    Conj/Air       #...         91%         1    ##.....
 Swiftness                Chrm/Air       #.......     97%         2    ###....
 Static Discharge         Conj/Air       #.......     100%        3    ####...
 Airstrike                Air            #.........   100%        4    #####..
 Lightning Bolt           Conj/Air       #.........   100%        5    ######.


Dungeon Overview and Level Annotations

Branches:
Dungeon (10/15)            Temple (1/1) D:4            Lair (0/6) D:9
    Orc: D:9-12

Altars:
Ashenzari
Cheibriados
Dithmenos
Elyvilon
Fedhas
Gozag
Hepliaklqana
Kikubaaqudgha
Makhleb
Nemelex Xobeh
Okawaru
Qazlal
Ru
Sif Muna
Trog
Uskayaw
Vehumet
Wu Jian
Xom
Yredelemnul
Zin
The Shining One
Lugonu


Innate Abilities, Weirdness & Mutations

You are resistant to torment.
Your stone body is resilient. (AC +7)
You are immune to poison.
You resist negative energy. (rN+)
You are resistant to electric shocks. (rElec)
You can survive without breathing.
You are immune to petrification.
You are immune to rotting.


Message History

The kobold demonologist is heavily wounded.
You hit the white imp. You slash the shadow imp!
You kill the shadow imp!
You hit the iron imp but do no damage. You hit the rust devil.
The white imp hits you. The white imp freezes you.
The kobold demonologist mumbles some strange words.
The rust devil hits you! The rust devil corrodes you!
The iron imp closely misses you.
You hit the kobold demonologist but do no damage.
The kobold demonologist is severely wounded.
You hit the rust devil but do no damage.
You hit the iron imp but do no damage. You hit the sun demon but do no damage.
The sun demon is poisoned.
You hit the white imp but do no damage. The smoke demon gestures at you.
Something smites you!
* * * LOW HITPOINT WARNING * * *
You block the white imp's attack. You block the rust devil's attack.
The kobold demonologist looks encouraged for a moment.
The sun demon hits you!!
You die...

...##..≈.#P# *
#####....#..P *P#..##
, ≈ ####.#...#....
#....##* ≈
.....#####P..P##.....
* ####..# .§§§P#P.≈#.#
* * ####..#
,...#.'.....###
..###.#
,..§§.'.......##
#.>...#
...#.'.5K.....#
####..# * .#,,#.@4.3#
#.#♣ ,..*#3.5♣≈#* .#
#.... *##. #P♣...# ...
##..#.*,.P.#P....##.#,
* #..♣.####P#≈≈..>...#
* ##.........P.##..###
* ##.
.##..#....###..####.
*#..#
,.................. *
... ######.##....####


You could see a sun demon, a rust devil, a kobold demonologist, a smoke demon,
an iron imp and a white imp.

Vanquished Creatures
  A gargoyle (D:10)
  2 kobold demonologists (D:10)
  A troll (D:9)
  3 hippogriffs
  Purgy (D:3)
  4 ice beasts
  2 sky beasts
  2 orc warriors
  3 phantoms
  A black bear (D:7)
  2 centaurs (D:9)
  2 ogres
  3 big kobolds
  6 bullfrogs
  2 scorpions
  A killer bee (D:7)
  A water moccasin skeleton (D:4)
  A howler monkey (D:5)
  5 crimson imps
  3 jellies
  Crazy Yiuf (D:2)
  A bullfrog skeleton (D:3)
  5 hounds
  A centaur zombie (D:7)
  2 orc priests
  3 bullfrog zombies
  7 orc wizards
  4 iguanas
  3 worker ants
  A killer bee zombie (D:10)
  A hound zombie (D:5)
  A hound skeleton (D:7)
  3 gnolls (D:6)
  9 adders
  3 oozes
  An adder skeleton (D:2)
  A worm (D:3)
  2 dart slugs
  7 leopard geckos
  21 orcs
  5 bats
  7 giant cockroaches
  6 goblins
  6 hobgoblins
  10 jackals
  7 quokkas
  A ball python (D:2)
  3 frilled lizards
  A giant cockroach zombie (D:6)
  A jackal zombie (D:8)
  12 kobolds
  3 leopard gecko skeletons
  A quokka skeleton (D:6)
  14 rats
  2 plants (D:10)
202 creatures vanquished.

Notes
Turn   | Place    | Note
-------+----------+-------------------------------------------
     0 | D:1      | Borgoz the Gargoyle Fighter began the quest for the Orb.
     0 | D:1      | Reached XP level 1. HP: 14/14 MP: 1/1
     3 | D:1      | Found a runed translucent door.
   264 | D:1      | Reached XP level 2. HP: 17/19 MP: 2/2
   267 | D:1      | Reached skill level 2 in Axes
   608 | D:2      | Reached XP level 3. HP: 19/23 MP: 3/3
   795 | D:2      | Reached skill level 3 in Axes
   813 | D:2      | Reached XP level 4. HP: 23/28 MP: 4/4
  1295 | D:2      | Found a runed translucent door.
  1296 | D:2      | Noticed Crazy Yiuf
  1510 | D:3      | Reached XP level 5. HP: 21/32 MP: 5/5
  2019 | D:3      | Found a faded altar of an unknown god.
  2052 | D:3      | Reached skill level 4 in Axes
  2256 | D:3      | Noticed Purgy
  2263 | D:3      | Killed Purgy
  2263 | D:3      | Reached XP level 6. HP: 36/38 MP: 6/6
  2718 | D:4      | Reached skill level 5 in Axes
  2952 | D:4      | Found a shattered altar of Ashenzari.
  2967 | D:4      | Became a worshipper of Ashenzari the Shackled
  3032 | D:4      | Noticed an ice beast
  3051 | D:4      | Killed an ice beast
  3051 | D:4      | Reached skill level 1 in Dodging
  3051 | D:4      | Reached XP level 7. HP: 32/43 MP: 7/7
  3413 | D:4      | Found an opulent altar of Gozag.
  3511 | D:4      | Found a staircase to the Ecumenical Temple.
  3515 | D:4      | Found a stormy altar of Qazlal.
  3522 | Temple   | Entered the Ecumenical Temple
  3892 | D:4      | Found a deep blue altar of Sif Muna.
  3989 | D:5      | Entered Level 5 of the Dungeon
  4258 | D:5      | Reached skill level 6 in Axes
  4296 | D:5      | Reached XP level 8. HP: 36/48 MP: 8/8
  4684 | D:5      | Reached * piety under Ashenzari
  4694 | D:5      | Found a bloodstained altar of Trog.
  4694 | D:5      | Found a sacrificial altar of Ru.
  5060 | D:1      | Reached skill level 5 in Armour
  5149 | D:2      | Killed Crazy Yiuf
  5570 | D:6      | Reached skill level 5 in Shields
  5573 | D:6      | Reached skill level 7 in Axes
  6091 | D:7      | Reached skill level 8 in Axes
  6091 | D:7      | Reached XP level 9. HP: 42/53 MP: 9/9
  6382 | D:7      | Reached skill level 5 in Fighting
  6761 | D:7      | Found a deep blue altar of Sif Muna.
  7136 | D:8      | Reached ** piety under Ashenzari
  7166 | D:8      | Reached skill level 9 in Axes
  8052 | D:9      | Reached XP level 10. HP: 57/60 MP: 10/10
  8218 | D:9      | Found a staircase to the Lair.
  8274 | D:9      | Reached skill level 10 in Axes
  8598 | D:9      | Found a radiant altar of Vehumet.
  8602 | D:9      | Found a hide-covered altar of Uskayaw.
  8602 | D:9      | Found a white marble altar of Elyvilon.
  8602 | D:9      | Found a sparkling altar of Nemelex Xobeh.
  8602 | D:9      | Found a blossoming altar of Fedhas.
  8602 | D:9      | Found an ancient bone altar of Kikubaaqudgha.
  8606 | D:9      | Found a shimmering altar of Xom.
  8685 | D:10     | Entered Level 10 of the Dungeon
  8685 | D:10     | Noticed a gargoyle
  8707 | D:10     | Killed a gargoyle
  9096 | D:10     | Noticed a kobold demonologist
  9096 | D:10     | Noticed a kobold demonologist
  9100 | D:10     | Noticed a kobold demonologist
  9102 | D:10     | Found a corrupted altar of Lugonu.
  9107 | D:10     | Noticed a rust devil
  9109 | D:10     | Noticed an orange demon
  9110 | D:10     | Killed a kobold demonologist
  9111 | D:10     | Killed a kobold demonologist
  9123 | D:10     | Noticed a smoke demon
  9124 | D:10     | Noticed a sun demon
  9124 | D:10     | Mangled by a sun demon

Levels and vault maps discovered:
D:1:      dpeg_arrival_caged_fury, layout_rooms
D:2:      layout_loops_ring, first_ration, small_statue_intersection,
          palyth_stone_intersect, uniq_crazy_yiuf_cottage
D:3:      layout_basic, chequers_ecumenical_altar_simple_redux, uniq_purgy
D:4:      layout_rooms, nicolae_overflow_hidden_temple, old_standard_altar,
          minmay_temple_entry_mist, serial_co_window_serial, co_window_paths_a,
          co_window_paths_a, co_window_paths_b, co_window_corner_a,
          co_window_corner_a, co_window_corner_a, co_window_of_opportunity_a,
          co_window_of_opportunity_b, co_window_cross_4,
          co_window_of_opportunity_c, co_window_corner_b, co_window_paths_c,
          co_window_4corner_b, co_window_paths_d, glass_columns_c,
          glass_columns_a, glass_columns_a
D:5:      layout_loops_ring, gammafunk_temple_overflow_wave
D:6:      layout_rooms
D:7:      hangedman_cross_stitches, layout_rooms, serial_glass, glass_columns_b,
          glass_columns_a, glass_columns_a, glass_columns_c, glass_columns_b,
          glass_columns_b, glass_columns_c, glass_columns_a, glass_columns_a,
          glass_columns_a, glass_columns_a, glass_columns_a, glass_columns_b,
          glass_columns_b, lemuel_blue_sif_altar
D:8:      layout_basic
D:9:      layout_rooms, minitemple, lair_entry_dummy, grunt_pizzeria
D:10:     kennysheep_kobold_lugonu_temple, layout_rooms, serial_bayou_ford_a
Temple:   compressed_dpeg_triangle_lava_temple

Skill      XL: |  1  2  3  4  5  6  7  8  9 10 |
---------------+-------------------------------+-----
Axes           | 2 3 4 5 6 8 9 10 | 10.6
Armour         | 4 5 6 7 |  7.1
Shields        | 4 5 6 7 |  7.5
Fighting       | 4 5 6 |  6.0
Dodging        | 1 2 |  2.8

Action                   |  1- 3 |  4- 6 |  7- 9 | 10-12 || total
-------------------------+-------+-------+-------+-------++-------
Melee: War axe           |   106 |    47 |       |       ||   153
       Hand axe          |       |   130 |   442 |   191 ||   763
  Use: Scroll            |     5 |     4 |     7 |     1 ||    17
       Potion            |       |     1 |     4 |     4 ||     9
  Eat: Chunk             |       |     7 |    17 |     2 ||    26
Armor: Scale mail        |    89 |    88 |   205 |    64 ||   446
Dodge: Dodged            |    32 |    44 |   149 |    76 ||   301
Block: Shield            |    71 |    74 |   189 |   104 ||   438

Table legend:
 A = Non-vault XP
 B = Vault XP
 C = Vault XP percentage of total XP
 D = Non-vault monster count
 E = Vault monster count
 F = Vault count percentage of total count
                 A         B        C        D         E       F
            +---------+---------+-------+---------+---------+-------
      Total |    5814 |    1635 |  21.9 |     171 |      29 |  14.5
            +---------+---------+-------+---------+---------+-------
        D:1 |      15 |      27 |  64.3 |      10 |      14 |  58.3
        D:2 |     109 |      42 |  27.8 |      26 |       1 |   3.7
        D:3 |     162 |     141 |  46.5 |      24 |       1 |   4.0
        D:4 |     434 |       0 |   0.0 |      14 |       0 |   0.0
        D:5 |     546 |       0 |   0.0 |      23 |       0 |   0.0
        D:6 |     171 |       0 |   0.0 |       7 |       0 |   0.0
        D:7 |     896 |     555 |  38.2 |      17 |      10 |  37.0
        D:8 |     780 |       0 |   0.0 |      12 |       0 |   0.0
        D:9 |    1784 |     129 |   6.7 |      26 |       1 |   3.7
       D:10 |     917 |     741 |  44.7 |      12 |       2 |  14.3
            +---------+---------+-------+---------+---------+-------
